 Dungeon Crawl Stone Soup version 0.31-a0-150-g89dc3ad700 (webtiles) character file.

Game seed: 8021454482232965144

4027000 givingin the Thanatomancer (level 27, 164/164 HPs)
             Began as a Felid Summoner on May 24, 2023.
             Was the Champion of Jiyva.
             Escaped with the Orb
             ... and 7 runes on June 8, 2023!
             The game lasted 12:20:54 (101343 turns).

givingin the Thanatomancer (Felid Summoner)       Turns: 101343, Time: 12:20:54

Health: 164/164    AC: 20    Str: 10    XL:     27
Magic:  40/40      EV: 50    Int: 34    God:    Jiyva [******]
Gold:   5049       SH:  0    Dex: 24    Spells: 2/69 levels left
                                        Lives:  0   Deaths: 4

rFire   + .          .
                       - Unarmed
rCold   . . .        (shield unavailable)
rNeg    + . .        (body armour unavailable)
rPois   ∞            (helmet unavailable)
rElec   +            (cloak unavailable)
rCorr   +            (gloves unavailable)
SInv    +            (boots unavailable)
Will    ++++.        B - amulet of magic regeneration
Stlth   +            h - ring of Zyihoc {rF+ rN+ rCorr}
HPRegen 2.07/turn    k - ring of Xejycuf {rPois MP-9 Int+9}
MPRegen 1.17/turn

%: no passive effects
@: storm-form, flying
A: cleaving, insubstantial, flying, very small, (claws 1), (fangs 3), see
invisible, (speed 1), (shaggy fur 3), (stealthy paws), no weapons or thrown
items, no armour, multi-lived, (iridescent scales 2), agile 2, robust 2, strong
2, (acidic bite), (eyeballs 3), (pseudopods 1), (translucent skin 1),
(tendrils), noise suppression
0: Orb of Zot
}: 7/15 runes: serpentine, barnacled, slimy, silver, obsidian, bone, abyssal
a: Blinkbolt, End Transformation, Renounce Religion, Oozemancy, Slimify


You escaped.
You worshipped Jiyva.
Jiyva was exalted by your worship.
You were a lightning-filled tempest!
You visited 16 branches of the dungeon, and saw 72 of its levels.
You visited the Abyss 1 time.
You also visited: Ossuary, Bailey, Gauntlet and Wizlab.

You collected 25418 gold pieces.
You spent 9817 gold pieces at shops.
You paid 10552 gold pieces to Gozag.

Inventory:

Jewellery
 a - the ring of Lugonu's Displeasure {rPois rC+ Str+6 SInv}
   (You took it off a deep elf elementalist on level 3 of the Elven Halls)

   [ring of strength]

   Str:       It affects your strength (+6).
   rC:        It protects you from cold.
   rPois:     It protects you from poison.
   SInv:      It lets you see invisible.
 h - the ring of Zyihoc (left paw) {rF+ rN+ rCorr}
   (You took it off a vampire mage on level 3 of the Crypt)

   [ring of positive energy]

   rF:        It protects you from fire.
   rN:        It protects you from negative energy.
   rCorr:     It protects you from acid and corrosion.
 k - the ring of Xejycuf (right paw) {rPois MP-9 Int+9}
   (You took it off a skeletal warrior on level 3 of the Crypt)

   [ring of poison resistance]

   Int:       It affects your intelligence (+9).
   rPois:     It protects you from poison.
   MP:        It affects your magic capacity (-9).
 u - a ring of wizardry
 B - an amulet of magic regeneration (around neck)
 D - a +6 ring of intelligence
 I - the ring "Myntuadi" {rPois Will+ Int+6 SInv}
   (You bought it in a shop on level 15 of the Dungeon)

   [ring of intelligence]

   Int:       It affects your intelligence (+6).
   rPois:     It protects you from poison.
   SInv:      It lets you see invisible.
   Will:      It increases your willpower.
 T - the ring of Zuwerr {rC+ rCorr Dex+3 Slay+2 SInv}
   (You took it off a deep elf elementalist on level 3 of the Elven Halls)

   [ring of resist corrosion]

   Dex:       It affects your dexterity (+3).
   Slay:      It affects your accuracy & damage with ranged weapons and melee
   (+2).
   rC:        It protects you from cold.
   SInv:      It lets you see invisible.
   rCorr:     It protects you from acid and corrosion.
Wands
 b - a wand of roots (47)
 j - a wand of mindburst (43)
 y - a wand of flame (103)
 A - a wand of paralysis (61)
 E - a wand of polymorph (7)
 F - a wand of acid (40)
 Q - a wand of digging (8)
Scrolls
 l - 7 scrolls of fog
 q - 10 scrolls of fear
 s - 2 scrolls of magic mapping
 t - 9 scrolls of teleportation
 v - 15 scrolls of poison
 x - 2 scrolls of blinking
 L - 2 scrolls of butterflies
 M - 2 scrolls of vulnerability
Potions
 c - 7 potions of brilliance
 d - 10 potions of cancellation
 e - 9 potions of ambrosia
 f - 6 potions of resistance
 g - 5 potions of might
 i - 7 potions of attraction
 n - 13 potions of mutation
 o - 2 potions of invisibility
 p - 13 potions of curing
 r - 12 potions of enlightenment
 O - 6 potions of berserk rage
Miscellaneous
 z - a phantom mirror
 C - a lightning rod (4/4)
 H - a condenser vane
 P - a phial of floods


   Skills:
 - Level 21.6 Fighting
 - Level 21.0 Dodging
 - Level 2.6 Stealth
 - Level 23.3 Unarmed Combat
 - Level 21.6 Spellcasting
 - Level 5.0 Hexes
 - Level 12.0 Summonings
 + Level 24.5 Necromancy
 - Level 22.5 Translocations
 - Level 20.5 Transmutations
 - Level 17.5 Air Magic


You had 2 spell levels left.
You knew the following spells:

 Your Spells              Type           Power      Damage    Failure   Level
a - Dispersal             Tloc           56%        N/A       0%          6
b - Blink                 Tloc           100%       N/A       0%          2
c - Call Canine Familiar  Summ           87%        N/A       1%          3
e - Death's Door          Necr           58%        N/A       3%          9
f - Summon Forest         Summ/Tloc      50%        N/A       1%          5
g - Apportation           Tloc           100%       N/A       0%          1
h - Haunt                 Necr/Summ      51%        N/A       1%          7
i - Wereblood             Tmut           100%       N/A       0%          2
m - Manifold Assault      Tloc           100%       N/A       0%          4
q - Passage of Golubria   Tloc           100%       N/A       0%          4
s - Storm Form            Tmut/Air       52%        N/A       1%          7
z - Summon Lightning Spi  Summ/Air       95%        N/A       1%          4
D - Death Channel         Necr           58%        N/A       0%          6
G - Malign Gateway        Summ/Tloc      50%        N/A       1%          7

Your spell library contained the following spells:

 Spells                   Type           Power      Damage    Failure   Level
 Kiss of Death            Conj/Necr      100%       2d13      0%          1
 Summon Small Mammal      Summ           100%       N/A       0%          1
 Call Imp                 Summ           100%       N/A       0%          2
 Lesser Beckoning         Tloc           100%       N/A       0%          2
 Momentum Strike          Conj/Tloc      100%       3d10      0%          2
 Sublimation of Blood     Necr           100%       N/A       0%          2
 Foxfire                  Conj/Fire      100%       2x1d9     1%          1
 Freeze                   Ice            100%       1d10      1%          1
 Magic Dart               Conj           100%       1d8       1%          1
 Sandblast                Erth           72%        2d16      1%          1
 Shock                    Conj/Air       100%       1d9       1%          1
 Slow                     Hex            100%       N/A       1%          1
 Ensorcelled Hibernation  Hex/Ice        100%       N/A       1%          2
 Passwall                 Tmut/Erth      68%        N/A       1%          2
 Poisonous Vapours        Pois/Air       100%       N/A       1%          2
 Searing Ray              Conj           72%        2d7       1%          2
 Static Discharge         Conj/Air       100%       2-7/arc   1%          2
 Gell's Gravitas          Tloc           100%       N/A       0%          3
 Swiftness                Air            100%       N/A       0%          3
 Teleport Other           Tloc           100%       N/A       0%          3
 Vampiric Draining        Necr           100%       2d13      0%          3
 Vhi's Electric Charge    Tloc/Air       100%       N/A       0%          3
 Airstrike                Air            51%        2d(8-24)  0%          4
 Animate Dead             Necr           100%       N/A       0%          4
 Dispel Undead            Necr           100%       3d31      0%          4
 Agony                    Necr           100%       N/A       0%          5
 Blade Hands              Tmut           54%        N/A       0%          5
 Confusing Touch          Hex            63%        N/A       1%          3
 Dazzling Flash           Conj/Hex       100%       N/A       1%          3
 Inner Flame              Hex/Fire       52%        N/A       1%          3
 Mephitic Cloud           Conj/Pois/Air  66%        N/A       1%          3
 Summon Guardian Golem    Hex/Summ       76%        N/A       1%          3
 Tukima's Dance           Hex            63%        N/A       1%          3
 Anguish                  Hex/Necr       47%        N/A       1%          4
 Cause Fear               Hex            31%        N/A       1%          4
 Ice Form                 Ice/Tmut       82%        N/A       1%          4
 Petrify                  Tmut/Erth      82%        N/A       1%          4
 Summon Ice Beast         Ice/Summ       67%        N/A       1%          4
 Alistair's Intoxication  Tmut/Pois      54%        N/A       1%          5
 Borgnjor's Vile Clutch   Necr/Erth      44%        N/A       1%          5
 Irradiate                Conj/Tmut      41%        3d25      1%          5
 Silence                  Hex/Air        42%        N/A       1%          5
 Summon Mana Viper        Hex/Summ       76%        N/A       1%          5
 Yara's Violent Unravell  Hex/Tmut       44%        3d17      1%          5
 Eringya's Noxious Bog    Tmut/Pois      41%        N/A       1%          6
 Statue Form              Tmut/Erth      54%        N/A       1%          6
 Summon Cactus Giant      Summ           43%        N/A       1%          6
 Dragon Form              Tmut           54%        N/A       1%          7
 Borgnjor's Revivificati  Necr           58%        N/A       1%          8
 Disjunction              Tloc           56%        N/A       1%          8
 Infestation              Necr           58%        N/A       1%          8
 Necromutation            Tmut/Necr      56%        N/A       1%          8
 Frozen Ramparts          Ice            72%        1d11      2%          3
 Hailstorm                Conj/Ice       36%        3d9       2%          3
 Stone Arrow              Conj/Erth      72%        3d11      2%          3
 Fulminant Prism          Conj/Hex       26%        3d14      3%          4
 Leda's Liquefaction      Hex/Erth       26%        N/A       3%          4
 Conjure Ball Lightning   Conj/Air       38%        3x3d12    3%          6
 Plasma Beam              Fire/Air       38%        2x1d52    3%          6
 Monstrous Menagerie      Summ           43%        N/A       4%          7
 Summon Hydra             Summ           43%        N/A       4%          7
 Maxwell's Capacitive Co  Air            51%        ∞         4%          8
 Olgreb's Toxic Radiance  Pois           36%        N/A       9%          4
 Sticky Flame             Conj/Fire      36%        2d6       9%          4
 Metabolic Englaciation   Hex/Ice        26%        N/A       9%          5
 Fireball                 Conj/Fire      18%        3d9       22%         5
 Iskenderun's Battlesphe  Conj           36%        2d9       22%         5
 Lee's Rapid Deconstruct  Erth           18%        3d11*     22%         5
 Summon Horrible Things   Summ           43%        N/A       36%         8
 Spellforged Servitor     Conj/Summ      33%        N/A       50%         7
 Enfeeble                 Hex            31%        N/A       65%         7
 Leda's Unmaking          Conj/Erth      18%        9d4       77%         6
 Starburst                Conj/Fire      18%        6d7       77%         6
 Dragon's Call            Summ           43%        N/A       99%         9
 Orb of Destruction       Conj           18%        9d8       100%        7
 Discord                  Hex            31%        N/A       100%        8
 Ignition                 Fire           18%        3d7       100%        8
 Lehudib's Crystal Spear  Conj/Erth      18%        10d5      100%        8
 Chain Lightning          Conj/Air       38%        3d51      100%        9
 Fire Storm               Conj/Fire      18%        8d5       100%        9
 Shatter                  Erth           18%        3d17*     100%        9
 Portal Projectile        Hex/Tloc       Unusable   N/A       N/A         3
 Animate Armour           Summ/Erth      Unusable   N/A       N/A         4

Dungeon Overview and Level Annotations

Branches:
Dungeon (15/15)            Temple (1/1) D:6            Lair (5/5) D:10
 Shoals (4/4) Lair:2        Snake (4/4) Lair:2        Slime (5/5) Lair:4
    Orc (2/2) D:11            Elf (3/3) Orc:2        Vaults (5/5) D:14
  Crypt (3/3) Vaults:2       Tomb (1/3) Crypt:3      Depths (4/4) D:15
   Hell (visited)             Dis (0/7) Hell            Geh (7/7) Hell
    Coc (0/7) Hell            Tar (7/7) Hell            Zot (5/5) Depths:4
Ossuary (visited)          Bailey (visited)          WizLab (visited)
Gauntlet (visited)

Altars:
Ashenzari
Cheibriados
Dithmenos
Elyvilon
Fedhas
Gozag
Hepliaklqana
Kikubaaqudgha
Makhleb
Nemelex Xobeh
Okawaru
Qazlal
Ru
Sif Muna
Trog
Uskayaw
Vehumet
Wu Jian
Xom
Yredelemnul
Zin
The Shining One
Jiyva
Lugonu

Shops:
D:15 =!   Orc:2 (=[:(   Lair:1 :   Lair:3 :   Shoals:4 *   Vaults:2 ?
Vaults:3 :   Depths:1 *   Depths:2 *

Portals:
Hell: Depths:1 Depths:2 Depths:3 Depths:4
Abyss: Lair:5 Shoals:1 Depths:2 Depths:3
Pandemonium: Depths:1 Depths:2
Ziggurat: Depths:3
Trove: D:11 (give 6 potions of haste)

Annotations:
D:9 exclusion: downstairs
Snake:2 Roxanne
Slime:5 Royal Jelly
Elf:2 1 exclusion
Elf:3 2 transporters, pk666's ghost, adept DEFE
Vaults:2 1 runed translucent door, exclusion: door, Fubrub's ghost, veteran GnWr
Zot:1 2 transporters, exclusion: downstairs, Meskin's ghost, legendary DjCj


Innate Abilities, Weirdness & Mutations

You are a lightning-filled tempest!
Your electrical attacks strike out in all directions at once.
You are incredibly evasive.
Your insubstantial body is immune to petrification, constriction, and being set on fire You are flying.
You are immune to poison.
((You have sharp claws.))
((You have razor-sharp teeth.))
You have supernaturally acute eyesight. (SInv)
((You cover ground quickly. (Speed+)))
((Your thick and shaggy fur keeps you warm. (AC +3, rC+)))
((Your paws help you pounce on unaware monsters.))
You are incapable of wielding weapons or throwing items.
You cannot wear armour.
You gain extra lives every three experience levels.
((You are mostly covered in iridescent scales. (AC +4)))
You are very agile. (Dex +8, Str/Int -2)
You are very robust. (+20% HP)
Your muscles are very strong. (Str +8, Int/Dex -2)
((You have acidic saliva.))
((Your body is covered in eyes which may confuse attackers. (Acc +7, SInv)))
((Armour fits poorly on your pseudopods.))
((Your translucent skin slightly reduces your foes' accuracy. (Stealth+)))
((You are covered in slimy tendrils that may disarm your opponents.))
You passively dampen the noise of your surroundings.


Message History

There is a stone staircase leading down here.
There is a stone staircase leading up here.
You fly upwards.
There is a stone staircase leading down here.
There is a stone staircase leading up here.
You fly upwards.
There is a stone staircase leading down here.
Your transformation is almost over.
Casting: Storm Form (mildly dangerous; 1% risk of failure)
Confirm with . or Enter, or press ? or * to list all spells.
You extend your transformation's duration.
(D) Dungeon (T) Temple (L) Lair (A) Shoals (P) Snake Pit (M) Slime Pits (O) Orcish Mines (E) Elven Halls (V) Vaults (C) Crypt (W) Tomb (U) Depths (H) Hell (I) Dis (G) Gehenna (X) Cocytus (Y) Tartarus (Z) Zot
Where to? (Enter - D:1 @ (x,y), ? - help) Magic restored.
An ice devil comes into view.
There is a stone staircase leading up, spattered with blood here.
You see here a +0 dagger.
You fly upwards.
An Orb Guardian comes into view.
There is a stone staircase leading down here.
Space momentarily warps into an impossible shape!
You blast the Orb Guardian!!!
Space momentarily warps into an impossible shape!
You blast the Orb Guardian!!!
Lightning courses through the Orb Guardian!
You kill the Orb Guardian!
(D) Dungeon (T) Temple (L) Lair (A) Shoals (P) Snake Pit (M) Slime Pits (O) Orcish Mines (E) Elven Halls (V) Vaults (C) Crypt (W) Tomb (U) Depths (H) Hell (I) Dis (G) Gehenna (X) Cocytus (Y) Tartarus (Z) Zot
Where to? (Enter - D:1 @ (x,y), ? - help) Magic restored.
You see here a +0 leather armour.
There is a staircase leading out of the dungeon here.
You have escaped!

##.#### #########. #.###.#
#. #..)..# #.
#######.#.#.####### ##
#...#.........#...#
#[###.#.#.#.#.###.########
#.....^.#.#......[##......
###.#.###.###.#.#..#......
#......v..[...#.........
##.#.###.###.#.#..#......
#......#.#...[..#........
####.#.#.#.#.####........
#.........#..........[
###.#)#.####..#...####
#.....#.....#..##
#.###.#####.#..# ##
###...# #....## #.


There were no monsters in sight!

Vanquished Creatures
  Asmodeus (Geh:7)
  Ereshkigal (Tar:7)
  2 dread liches
  2 orbs of fire (Zot:5)
  Mennas (Crypt:3)
  Vv (Crypt:3)
  10 Killer Klowns
  A caustic shrike (Depths:2)
  3 curse toes
  14 golden dragons
  Geryon (Hell)
  12 profane servitors
  Nikola (Shoals:2)
  15 bone dragons
  Jory (Crypt:3)
  8 doom hounds
  14 Tzitzimimeh
  8 Brimstone Fiends
  14 hellephants
  Mlioglotl (Shoals:2)
  2 spectral shard shrikes (Tar:5)
  23 tentacled monstrosities
  2 electric golems (Zot:5)
  26 Orb Guardians
  15 tainted leviathans
  A deep elf blademaster (Elf:3)
  6 quicksilver dragons
  5 liches
  5 deep elf master archers
  2 titans (Depths:2)
  A walking earthen tome (Depths:4)
  A walking divine tome (Depths:4)
  13 searing wretches
  2 tentacled starspawn (Abyss:3)
  13 death cobs
  5 ancient champions
  An eldritch tentacle (Geh:7)
  10 sphinxes
  A thorn hunter (WizLab)
  3 tengu reavers
  12 shadow dragons
  10 draconian monks
  3 revenants
  5 draconian knights
  6 nagarajas
  3 fenstrider witches (WizLab)
  18 fire giants
  19 storm dragons
  11 frost giants
  12 deep elf sorcerers
  4 draconian scorchers
  4 iron dragons
  Louise (Shoals:3)
  23 balrugs
  Aizul (Snake:4)
  A caustic shrike zombie (Crypt:1)
  A curse skull (Crypt:2)
  8 ghouls
  9 vault wardens
  2 draconian annihilators (Zot:1)
  4 spriggan defenders
  A spectral juggernaut (Tar:5)
  10 draconian shifters
  7 draconian stormcallers
  7 war gargoyles
  3 deep elf elementalists (Elf:3)
  5 reapers
  A caustic shrike skeleton (Hell)
  9 stone giants
  7 very ugly things
  15 ironbound preservers
  Nessos (Lair:3)
  22 vampire knights
  14 black draconians
  11 green draconians
  3 elemental wellsprings (Hell)
  5 ironbound thunderhulks
  19 putrid mouths
  4 deep elf demonologists
  2 eleionomae (WizLab)
  Azrael (Snake:1)
  6 purple draconians
  A wendigo (Hell)
  11 yellow draconians
  3 lorocyprocas
  7 white draconians
  10 red draconians
  8 deep elf annihilators
  5 dire elephants
  12 spark wasps
  The ghost of senseless the Fighter, a journeyman DrWr of Okawaru (D:13)
  The ghost of Vupaekk the Geomancer, a journeyman DsEE of Vehumet (Orc:1)
  8 eidola
  4 iron golems
  A blizzard demon (Depths:4)
  A crystal guardian (Vaults:4)
  A spectral quicksilver dragon (Tar:2)
  A formless jellyfish (Vaults:4)
  2 merfolk javelineers (Shoals:4)
  7 deep elf death magi
  3 merfolk impalers
  9 jiangshi
  13 ettins
  2 shambling mangroves (WizLab)
  5 fire dragons
  17 yaktaur captains
  An entropy weaver (Vaults:4)
  2 deep elf high priests (Elf:3)
  14 ice dragons
  2 rakshasas
  A spectral spriggan (Tar:2)
  4 great orbs of eyes
  27 vault guards
  A fenstrider witch zombie (Crypt:3)
  A quicksilver dragon skeleton (Crypt:2)
  3 ironbound frosthearts
  20 centaur warriors
  2 ogre magi
  5 peacekeepers
  19 salamander tyrants
  4 spriggan air magi
  2 merfolk avatars
  6 anacondas
  3 satyrs (WizLab)
  18 dancing weapons
  3 spriggan skeletons
  4 death knights
  6 stokers
  3 tengu warriors
  9 vampire magi
  2 merfolk aquamancers (Shoals:1)
  3 thrashing horrors (Abyss:3)
  7 naga warriors
  52 hell hogs
  4 deep troll earth magi
  11 soul eaters
  4 shock serpents
  3 deep troll shamans
  9 naga sharpshooters
  4 spriggan berserkers
  17 hell knights
  7 deep elf knights
  A spectral dire elephant (Tar:5)
  14 iron trolls
  7 salamander mystics
  13 sun demons
  2 titan zombies
  17 shadow wraiths
  7 sea snakes
  40 skeletal warriors
  A spectral bunyip (Tar:1)
  A wretched star (Abyss:3)
  4 skysharks
  2 quicksilver dragon simulacra (Depths:4)
  A golden dragon zombie (Crypt:1)
  A spectral anaconda (Tar:5)
  11 deep elf archers
  A death drake (Zot:3)
  51 deep trolls
  4 flayed ghosts
  2 bog bodies (Crypt:2)
  An anaconda zombie (Crypt:3)
  6 naga ritualists
  A bunyip zombie (Crypt:3)
  A sea snake (shapeshifter) (Vaults:5)
  A spectral hydra (Tar:3)
  An iron giant zombie (Crypt:3)
  A swamp dragon (Zot:3)
  26 phantasmal warriors
  5 mana vipers
  11 harpies
  30 deep elf pyromancers
  15 ironbound convokers
  7 lindwurms
  A steelbarb worm (shapeshifter) (Depths:3)
  11 wizards
  A lindwurm (shapeshifter) (Depths:1)
  3 starcursed masses (Abyss:3)
  A sphinx zombie (Crypt:3)
  5 large abominations (Abyss:3)
  7 necromancers
  A shadow dragon skeleton (Crypt:2)
  18 deep elf zephyrmancers
  4 cyclopes
  An orc knight (Vaults:5)
  2 oklob plants
  6 manticores
  11 ugly things
  An orc sorcerer (D:15)
  2 frost giant skeletons
  9 fauns
  11 salamanders
  An ice statue (Depths:4)
  8 merfolk sirens
  6 naga magi
  21 moths of wrath
  23 black mambas
  2 centaur zombies
  4 guardian serpents
  A black mamba (shapeshifter) (Depths:3)
  6 water nymphs
  A dire elephant zombie (Crypt:3)
  9 molten gargoyles (Geh:7)
  A spectral alligator snapping turtle (Tar:1)
  A spectral iron troll (Crypt:2)
  17 vault sentinels
  2 rust devils (Hell)
  A cane toad (shapeshifter) (Vaults:4)
  An orange demon (D:13)
  4 unseen horrors (Tar:7)
  A centaur skeleton (Crypt:3)
  6 smoke demons
  A minotaur zombie (Crypt:3)
  12 hellions
  Maggie (D:7)
  23 yaktaurs
  A sea snake zombie (Crypt:3)
  4 ice devils
  11 freezing wraiths
  2 tengu conjurers
  An unseen horror (shapeshifter) (Elf:1)
  5 ancient zymes (Abyss:3)
  2 silent spectres
  3 spectral deep trolls (Crypt:2)
  3 spectral harpies
  12 tormentors
  20 merfolk
  A meliai (shapeshifter) (Depths:3)
  2 guardian mummies (Tomb:1)
  2 harpy zombies
  A death drake zombie (Crypt:2)
  3 hellwings (Depths:2)
  A troll (shapeshifter) (Vaults:1)
  3 meliai (D:13)
  6 wind drakes
  5 hornets
  A death drake skeleton (Crypt:1)
  8 raiju (Abyss:3)
  A shadow dragon simulacrum (Hell)
  5 blink frogs
  A harpy skeleton (Hell)
  4 dream sheep (Shoals:2)
  A hydra skeleton (Crypt:2)
  An ettin zombie (Tomb:1)
  19 flying skulls
  A stone giant simulacrum (Hell)
  2 ettin skeletons
  3 air elementals
  A snapping turtle (Shoals:4)
  A dire elephant simulacrum (Tomb:1)
  A black mamba zombie (Crypt:2)
  A centaur simulacrum (Hell)
  4 spriggans
  28 slime creatures
  A spriggan (shapeshifter) (Depths:3)
  A satyr skeleton (Crypt:3)
  3 small abominations
  8 water elementals
  3 fire elementals
  2 ynoxinuls (Abyss:3)
  Eustachio (D:4)
  9 wraiths
  2 black mamba skeletons
  A yak (Lair:4)
  2 chaos spawn
  A steam dragon (D:7)
  2 vampire mosquitoes
  2 wargs
  3 redbacks (Vaults:4)
  A naga zombie (Crypt:2)
  A harpy simulacrum (Hell)
  19 nagas
  A hydra simulacrum (Hell)
  An acid dragon (Zot:3)
  15 hell hounds
  Duvessa (D:4)
  A water nymph skeleton (Crypt:3)
  A deep troll skeleton (Crypt:1)
  A glowing shapeshifter skeleton (Vaults:2)
  2 orc warriors (Orc:1)
  A black bear (shapeshifter) (Depths:3)
  4 ettin simulacra
  An ogre (Elf:3)
  7 boggarts
  A human skeleton (Vaults:2)
  A centaur (D:7)
  An elephant skeleton (Crypt:3)
  5 necrophages
  A bullfrog (D:7)
  A naga simulacrum (Hell)
  4 earth elementals
  Dowan (D:4)
  A killer bee (D:7)
  A troll zombie (Crypt:1)
  A yak skeleton (Crypt:2)
  A polar bear skeleton (Crypt:1)
  A quasit (Abyss:3)
  3 orc priests
  An iguana (D:7)
  4 orc wizards (Orc:1)
  A sleepcap (D:7)
  A black bear skeleton (Crypt:3)
  3 hell rats (Depths:1)
  5 mummies (Tomb:1)
  A gnoll (D:1)
  A white imp (Abyss:3)
  8 orcs
  A giant cockroach (D:4)
  A hobgoblin (D:2)
  A kobold (Bailey)
  A frilled lizard (D:3)
  A jackal skeleton (Crypt:1)
  7 creeping infernos
  47 fire vortices
  3 lurking horrors
  2 starspawn tentacles (Abyss:3)
1889 creatures vanquished.

Vanquished Creatures (collateral kills)
  Tiamat (Zot:3)
  2 orbs of fire
  2 dread liches
  An ancient lich (Zot:5)
  A Killer Klown (Zot:5)
  A golden dragon (Zot:3)
  the Enchantress (Depths:3)
  3 bone dragons
  2 hellephants
  4 Tzitzimimeh
  2 Brimstone Fiends
  A tentacled monstrosity (Zot:3)
  4 tainted leviathans
  6 searing wretches
  A sphinx (D:14)
  A quicksilver dragon (Zot:3)
  2 ancient champions
  A death cob (Zot:2)
  A thorn hunter (WizLab)
  A tengu reaver (Vaults:5)
  Kirke (Lair:3)
  A storm dragon (Zot:3)
  2 frost giants
  A revenant (Crypt:3)
  A nagaraja (Snake:4)
  A draconian monk (Zot:1)
  2 draconian knights
  2 draconian shifters
  An iron dragon (Vaults:5)
  2 balrugs
  A vault warden (Vaults:2)
  A ghoul (Crypt:2)
  The ghost of Sauxt the Earth Mage, a journeyman GrEE of Gozag (D:14)
  The ghost of Pacwu Nueno the Earth Mage, a journeyman GrEE of Gozag (D:14)
  The ghost of Sauxt the Earth Mage, a journeyman GrEE of Gozag (D:14)
  3 ironbound preservers
  A curse skull (Crypt:3)
  A draconian scorcher (Zot:5)
  2 draconian stormcallers
  3 spriggan defenders (Depths:3)
  The ghost of Delyvurue the Basher, a journeyman MiWr of Cheibriados (D:14)
  The ghost of Delyvurue the Basher, a journeyman MiWr of Cheibriados (D:14)
  A juggernaut zombie (Crypt:3)
  2 orc warlords
  13 very ugly things
  A reaper (Tar:4)
  A war gargoyle (Hell)
  A stone giant (Vaults:4)
  3 vampire knights (Crypt:3)
  The ghost of Luiqel the Fighter, a journeyman MiFi of Qazlal (D:14)
  A green draconian (Zot:1)
  3 ironbound thunderhulks
  A dire elephant (Vaults:2)
  4 black draconians
  2 spark wasps (Depths:1)
  4 red draconians
  A putrid mouth (Tar:6)
  5 purple draconians
  2 deep elf annihilators (Elf:3)
  A yellow draconian (Zot:3)
  A white draconian (Zot:3)
  A fire dragon (Zot:3)
  3 jiangshi (Crypt:2)
  3 merfolk javelineers (Shoals:4)
  A yaktaur captain (Vaults:5)
  2 merfolk impalers (Shoals:4)
  A shambling mangrove (WizLab)
  A rakshasa (Depths:3)
  Harold (Orc:1)
  A spriggan air mage (Depths:3)
  2 ogre magi
  2 salamander tyrants
  4 vault guards
  Erolcha (D:13)
  2 hydras
  An ironbound frostheart (Vaults:2)
  2 merfolk aquamancers (Shoals:4)
  A merfolk avatar (Shoals:4)
  2 anacondas
  9 two-headed ogres
  2 centaur warriors
  2 satyrs
  5 boulder beetles
  A tengu warrior (D:14)
  An alligator snapping turtle (Shoals:4)
  A dancing weapon (Orc:2)
  A deep troll shaman (Depths:1)
  7 naga warriors
  2 deep troll earth magi
  17 hell hogs
  3 orc high priests
  3 thrashing horrors (Lair:5)
  3 shock serpents
  2 spriggan berserkers (Depths:4)
  A deep elf knight (Elf:3)
  4 naga sharpshooters
  A hell knight (Depths:1)
  3 skysharks
  2 sun demons
  3 shadow wraiths
  2 iron trolls (Depths:4)
  A soul eater (Crypt:2)
  Amaemon (Lair:2)
  18 skeletal warriors
  2 salamander mystics (Snake:4)
  19 deep trolls
  2 ironbound convokers
  A bunyip skeleton (Crypt:3)
  5 harpies
  3 naga ritualists
  5 phantasmal warriors (Crypt:3)
  3 lindwurms
  2 orc knights
  3 wizards
  3 deep elf pyromancers
  2 deep elf zephyrmancers (Elf:1)
  3 necromancers
  3 cyclopes
  2 fauns (Shoals:3)
  14 ugly things
  8 mana vipers
  6 salamanders
  2 orc sorcerers (Orc:1)
  A moth of wrath (Zot:5)
  3 manticores
  A merfolk siren (Shoals:1)
  5 vault sentinels
  2 rust devils (D:10)
  14 naga magi
  2 molten gargoyles (Geh:7)
  A guardian serpent (Snake:4)
  A water nymph (Lair:2)
  2 torpor snails
  12 black mambas
  3 orange demons (D:10)
  4 cane toads
  A gargoyle (D:14)
  12 elephants
  2 smoke demons
  A naga skeleton (Crypt:3)
  2 centaur skeletons (D:15)
  2 unseen horrors
  5 yaktaurs
  A rime drake (Lair:4)
  Psyche (D:8)
  A tormentor (Tar:6)
  10 komodo dragons
  An ancient zyme (Lair:5)
  2 ice devils
  2 merfolk
  3 trolls
  A grey draconian skeleton (Crypt:2)
  3 large abominations (Lair:5)
  A meliai (shapeshifter) (D:14)
  A wolf spider simulacrum (D:15)
  A polar bear (Lair:1)
  23 blink frogs
  6 dream sheep
  A snapping turtle (shapeshifter) (D:14)
  4 snapping turtles
  Prince Ribbit (D:6)
  9 slime creatures
  A shadow (D:9)
  2 spriggans (Depths:3)
  5 wraiths (Crypt:3)
  41 yaks
  2 ynoxinuls (Lair:5)
  A water elemental (Shoals:1)
  3 centaur simulacra
  A yak (shapeshifter) (D:15)
  10 small abominations (Lair:5)
  2 fire elementals
  A steam dragon (D:6)
  2 wyverns
  4 basilisks
  A neqoxec (D:10)
  5 hogs (Lair:3)
  3 vampire mosquitoes (D:12)
  4 chaos spawn
  A warg (Orc:1)
  23 nagas
  Menkaure (D:6)
  3 acid dragons
  19 water moccasins
  2 hell hounds (Snake:1)
  41 orc warriors
  A sky beast (D:7)
  An ice beast (D:7)
  5 centaurs
  A boggart (D:15)
  7 ogres
  A phantom (D:7)
  3 kobold brigands
  10 bullfrogs
  2 scorpions
  An earth elemental (Elf:3)
  10 wights
  A spriggan zombie (Crypt:1)
  6 killer bees (D:8)
  4 howler monkeys
  5 quasits (D:10)
  3 hounds
  24 orc priests
  15 jellies
  A gnoll bouda (Lair:5)
  4 iguanas
  4 sleepcaps
  34 orc wizards
  A scorpion zombie (Crypt:3)
  A hell rat (Lair:3)
  A boggart skeleton (D:15)
  8 mummies (Ossuary)
  7 gnolls
  10 adders
  6 river rats (Lair:3)
  A shadow imp (D:6)
  An ufetubus (D:4)
  2 worms
  139 orcs
  10 endoplasms
  4 giant cockroaches
  A gnoll zombie (Ossuary)
  12 goblins
  13 hobgoblins
  A jackal (D:4)
  3 quokkas
  9 ball pythons
  5 bats
  A frilled lizard (D:1)
  A hobgoblin zombie (Ossuary)
  33 kobolds
  A kobold zombie (Ossuary)
  5 orc zombies (Ossuary)
  12 rats
  A fire vortex (Geh:7)
1089 creatures vanquished.

Vanquished Creatures (others)
  A juggernaut (Depths:3)
  Boris (Depths:3)
  A caustic shrike (Depths:3)
  A tentacled monstrosity (Depths:3)
  A walking earthen tome (Depths:3)
  83 eldritch tentacles
  2 shadow dragons
  A tengu reaver (Depths:3)
  A frost giant (Depths:3)
  A fire giant (Geh:2)
  The ghost of Umoran the Earth Mage, a journeyman GrEE of Gozag (D:14)
  The ghost of Umoran the Earth Mage, a journeyman GrEE of Gozag (D:14)
  2 orc warlords
  A quicksilver ooze (shapeshifter) (Vaults:5)
  A yellow draconian (Zot:3)
  A blizzard demon (Depths:1)
  Fannar (Lair:2)
  3 vault guards
  The ghost of Huaprist the Eclecticist, a journeyman DEIE of Vehumet (Lair:3)
  An ice dragon (Depths:3)
  An anaconda (Snake:3)
  2 hydras (Lair:5)
  A centaur warrior (D:14)
  A two-headed ogre (shapeshifter) (Depths:3)
  A stoker (Geh:5)
  A boulder beetle (D:14)
  A satyr (shapeshifter) (Vaults:5)
  4 two-headed ogres
  A jorogumo (shapeshifter) (Depths:3)
  2 naga warriors
  A shock serpent (Snake:2)
  6 glowing orange brains
  A hell knight (Depths:1)
  2 naga sharpshooters
  Sonja (Lair:3)
  A shadow wraith (Tar:2)
  2 skysharks (shapeshifter)
  A swamp dragon (shapeshifter) (Vaults:5)
  2 flayed ghosts
  A necromancer (Depths:1)
  An obsidian statue (Depths:3)
  2 lindwurms (shapeshifter) (Depths:3)
  4 ugly things
  A shining eye (shapeshifter) (Vaults:5)
  A salamander (Snake:2)
  4 cyclopes
  A moth of wrath (Zot:1)
  4 black mambas
  A molten gargoyle (Geh:7)
  2 naga magi
  A torpor snail (Lair:1)
  3 cane toads
  An orange demon (Lair:2)
  A hellion (Geh:7)
  2 rime drakes (D:12)
  2 komodo dragons
  2 tengu conjurers (Depths:4)
  An unseen horror (Tar:7)
  3 freezing wraiths
  A troll (D:12)
  A yaktaur (Vaults:5)
  A merfolk (Shoals:1)
  A troll (shapeshifter) (Depths:3)
  A wind drake (shapeshifter) (Depths:3)
  2 blink frogs (Lair:5)
  A floating eye (Depths:2)
  A dream sheep (shapeshifter) (Depths:3)
  A blink frog (shapeshifter) (Depths:3)
  2 dream sheep (Shoals:2)
  A slime creature (D:14)
  A jumping spider (shapeshifter) (Depths:3)
  A wraith (D:12)
  2 wyverns
  A hog (Lair:3)
  17 yaks
  A golden eye (Abyss:3)
  14 dancing weapons
  5 vampire mosquitoes
  A warg (Orc:2)
  A naga (Snake:2)
  A floating eye (shapeshifter) (Vaults:5)
  A water moccasin (Lair:2)
  11 orc warriors
  A black bear (D:4)
  An ice beast (D:5)
  2 ogres (D:4)
  2 ettin simulacra (Depths:4)
  2 scorpions (D:5)
  A wight (D:8)
  A shapeshifter skeleton (Crypt:1)
  261 jellies
  A jelly (shapeshifter) (Depths:3)
  An iron imp (Abyss:3)
  2 hell rats
  3 iguanas (D:5)
  An orc wizard (Orc:1)
  A mummy (Tomb:1)
  3 gnolls
  A river rat (Lair:3)
  3 orcs
  A rat (Lair:3)
  A creeping inferno (Geh:4)
  6 fire vortices
  22 snaplasher vines
  4 starspawn tentacles (Abyss:3)
567 creatures vanquished.

Grand Total: 3545 creatures vanquished

Notes
Turn   | Place    | Note
-------+----------+-------------------------------------------
     0 | D:1      | givingin the Felid Summoner began the quest for the Orb.
     0 | D:1      | Reached XP level 1. HP: 7/7 MP: 4/4
   296 | D:1      | Reached XP level 2. HP: 11/11 MP: 4/6
   299 | D:1      | Learned a level 2 spell: Call Imp
  1035 | D:2      | Reached XP level 3. HP: 14/14 MP: 5/8
  1039 | D:2      | Learned a level 3 spell: Call Canine Familiar
  2102 | D:2      | Reached XP level 4. HP: 18/18 MP: 0/9
  2106 | D:2      | Learned a level 3 spell: Summon Guardian Golem
  2628 | D:3      | Found a bloodstained altar of Trog.
  2867 | D:3      | Reached skill level 1 in Hexes
  2867 | D:3      | Reached skill level 5 in Summonings
  2996 | D:3      | Found a radiant altar of Vehumet.
  3059 | D:3      | Reached XP level 5. HP: 21/21 MP: 11/11
  3394 | D:3      | Found a stormy altar of Qazlal.
  3657 | D:3      | Found a bloodstained altar of Trog.
  3849 | D:3      | Found a radiant altar of Vehumet.
  4160 | D:3      | Found a stormy altar of Qazlal.
  4563 | D:4      | Found a blossoming altar of Fedhas.
  4600 | D:4      | Noticed an ogre
  4620 | D:4      | Killed an ogre
  4621 | D:4      | Gained mutation: You are covered in thick fur. (AC +2)
                  | [Felid growth]
  4621 | D:4      | Reached XP level 6. HP: 24/24 MP: 9/13
  4910 | D:4      | Noticed Dowan
  4927 | D:4      | Noticed Eustachio
  5261 | D:4      | Found a large runed translucent door.
  5262 | D:4      | Found a large runed translucent door.
  5608 | D:4      | Reached skill level 5 in Hexes
  5608 | D:4      | Reached XP level 7. HP: 27/27 MP: 11/15
  5613 | D:4      | Learned a level 4 spell: Summon Lightning Spire
  5966 | D:4      | Found a hide-covered altar of Uskayaw.
  5969 | D:4      | Found a sacrificial altar of Ru.
  5990 | D:4      | Upgraded the game from 0.31-a0-83-gbff143cfd1 to
                  | 0.31-a0-95-g6fa058ef04
  5991 | D:5      | Entered Level 5 of the Dungeon
  5993 | D:5      | Found a sand-covered staircase.
  6024 | D:5      | Reached skill level 1 in Air Magic
  6048 | Ossuary  | Entered an ossuary
  7280 | D:5      | Reached XP level 8. HP: 31/31 MP: 14/16
  7378 | D:5      | Reached skill level 5 in Air Magic
  7482 | D:5      | Found a white marble altar of Elyvilon.
  9010 | D:6      | Noticed Menkaure
  9318 | D:6      | Noticed Prince Ribbit
  9572 | D:6      | Found a staircase to the Ecumenical Temple.
  9578 | Temple   | Entered the Ecumenical Temple
  9820 | Temple   | Became a worshipper of Gozag Ym Sagoz the Greedy
 10016 | D:6      | Killed Prince Ribbit
 10017 | D:6      | Reached XP level 9. HP: 34/34 MP: 10/17
 10221 | D:6      | Learned a level 3 spell: Tukima's Dance
 10287 | D:7      | Found a burning altar of Makhleb.
 10589 | D:7      | Reached skill level 5 in Spellcasting
 10591 | D:7      | Noticed a two-headed ogre
 10595 | D:7      | Noticed an unseen horror
 10803 | D:6      | Killed Menkaure
 10804 | D:6      | Reached skill level 1 in Fighting
 11001 | D:7      | Noticed Maggie
 11049 | D:7      | Killed an unseen horror
 11080 | D:7      | Noticed a cyclops
 11101 | D:7      | Killed a cyclops
 11144 | D:7      | Killed a two-headed ogre
 11145 | D:7      | Reached skill level 5 in Dodging
 11145 | D:7      | Reached XP level 10. HP: 42/42 MP: 19/19
 11329 | D:7      | Reached skill level 10 in Summonings
 12233 | D:8      | Identified the +7 flail of Evolution {heavy, *Slow +Blink
                  | rCorr Dex+3}
 12237 | D:8      | Noticed Psyche
 12263 | D:8      | Killed Psyche
 12443 | D:8      | Reached skill level 5 in Fighting
 12536 | D:8      | Found a hazy altar of Hepliaklqana.
 13696 | D:9      | Noticed a two-headed ogre
 13726 | D:9      | Killed a two-headed ogre
 13727 | D:9      | Reached XP level 11. HP: 48/48 MP: 23/23
 14153 | D:10     | Entered Level 10 of the Dungeon
 14153 | D:10     | Noticed a sun demon
 14394 | D:10     | Found a flagged portal.
 14413 | Bailey   | Entered a bailey
 14426 | Bailey   | Noticed an orc warlord
 14670 | Bailey   | Found a runed translucent gate.
 14672 | Bailey   | Found a runed translucent gate.
 14674 | Bailey   | Found a runed translucent gate.
 14767 | Bailey   | Found a runed translucent gate.
 14767 | Bailey   | Found a runed translucent gate.
 14767 | Bailey   | Found a runed translucent gate.
 14898 | Bailey   | Killed an orc warlord
 15107 | D:10     | Noticed a two-headed ogre
 15118 | D:10     | Killed a two-headed ogre
 15167 | D:10     | Reached skill level 10 in Dodging
 15279 | D:10     | Found a staircase to the Lair.
 16084 | D:10     | Killed a sun demon
 16310 | D:10     | Gained mutation: Your thick and shaggy fur keeps you warm.
                  | (AC +3, rC+) [Felid growth]
 16310 | D:10     | Reached XP level 12. HP: 56/56 MP: 23/26
 16480 | Lair:1   | Entered Level 1 of the Lair of Beasts
 16483 | Lair:1   | Bought an Inescapable Atlas for 448 gold pieces
 16491 | Lair:1   | Learned a level 7 spell: Storm Form
 16494 | Lair:1   | Learned a level 2 spell: Blink
 16567 | Lair:1   | Identified the +2 cloak of Altruism {Harm rC- Will+}
 16608 | Lair:1   | Reached skill level 1 in Translocations
 16608 | Lair:1   | Reached skill level 1 in Transmutations
 17202 | Lair:1   | Reached skill level 5 in Transmutations
 17900 | Lair:2   | Noticed Amaemon
 17940 | Lair:2   | Noticed Fannar
 18117 | Lair:2   | Killed Amaemon
 18535 | Lair:2   | Found a staircase to the Snake Pit.
 18841 | Lair:3   | Bought a book of the Wilderness for 494 gold pieces
 18891 | Lair:3   | Identified the +10 trident "Kumaota" {pain, rF+ Int+2}
 18981 | Lair:3   | Reached XP level 13. HP: 59/59 MP: 25/27
 19030 | Lair:3   | Learned a level 5 spell: Summon Forest
 19197 | Lair:3   | Reached skill level 5 in Translocations
 19200 | Lair:3   | Noticed Kirke
 19216 | Lair:3   | Noticed a sphinx
 19216 | Lair:3   | Killed Kirke
 19342 | Lair:3   | Reached skill level 10 in Spellcasting
 19773 | Lair:3   | Noticed Huaprist's ghost (journeyman DEIE)
 19778 | Lair:3   | Found a runed translucent door.
 19802 | Lair:3   | Noticed Sonja
 19819 | Lair:3   | Killed Sonja
 19972 | Lair:3   | Noticed Nessos
 20169 | Lair:3   | Found a shimmering blue altar of Sif Muna.
 20490 | Lair:3   | Killed Huaprist's ghost
 20685 | Lair:4   | Found a viscous altar of Jiyva.
 20686 | Lair:4   | Found a staircase to the Slime Pits.
 20973 | Lair:4   | Reached skill level 10 in Translocations
 21544 | Lair:4   | Reached skill level 10 in Air Magic
 21812 | Lair:5   | Entered Level 5 of the Lair of Beasts
 22605 | Lair:5   | Reached XP level 14. HP: 47/63 MP: 21/29
 22619 | Lair:5   | Reached skill level 10 in Transmutations
 22932 | Lair:5   | Upgraded the game from 0.31-a0-95-g6fa058ef04 to
                  | 0.31-a0-102-g33a4ccc0cb
 23874 | Lair:5   | HP: 3/63 [smoke demon/divine providence (9)]
 24628 | D:11     | Found a staircase to the Orcish Mines.
 24723 | D:11     | You fall into a shaft and drop 1 floor!
 24885 | D:11     | Identified the +2 robe of Music {rPois Str+3}
 25159 | D:11     | Found a shimmering blue altar of Sif Muna.
 25253 | D:11     | Found a portal to a secret trove of treasure.
 25692 | Orc:1    | Entered Level 1 of the Orcish Mines
 25692 | Orc:1    | Noticed an orc warlord
 25810 | Orc:1    | Noticed an orc warlord
 25862 | Orc:1    | Killed an orc warlord
 26009 | Orc:1    | Killed an orc warlord
 26222 | Orc:2    | Entered Level 2 of the Orcish Mines
 26392 | Orc:2    | Found a staircase to the Elven Halls.
 26787 | Orc:2    | Found Vufih's Book Emporium.
 27021 | Orc:2    | Found Mest's Antique Weapon Shop.
 27825 | Orc:2    | Noticed an orc warlord
 27860 | Orc:2    | Killed an orc warlord
 28020 | Orc:2    | Found Juzasalut's Antique Armour Boutique.
 28025 | Orc:2    | Found Acocs's Antique Weapon Shop.
 28044 | Orc:2    | Bought a ring of wizardry for 420 gold pieces
 28108 | Orc:2    | Bought a manual of Unarmed Combat for 1120 gold pieces
 28200 | Lair:1   | Bought a manual of Fighting for 1120 gold pieces
 28292 | Orc:2    | Bought a Grand Grimoire for 476 gold pieces
 29107 | D:12     | Identified a scroll of acquirement
 29107 | D:12     | Acquired 998 gold pieces
 29331 | D:13     | Reached XP level 15. HP: 60/67 MP: 20/30
 29384 | D:13     | Found a transporter.
 29386 | D:13     | Found a transporter.
 29612 | D:13     | Found a gate leading to a gauntlet.
 29617 | Gauntlet | Entered a Gauntlet
 29617 | Gauntlet | Found a transporter.
 29627 | Gauntlet | Found a transporter.
 29629 | Gauntlet | Found a transporter.
 29630 | Gauntlet | Found a transporter.
 29634 | Gauntlet | Found a runed translucent door.
 29634 | Gauntlet | Found a runed translucent door.
 29638 | Gauntlet | Found a transporter.
 29641 | Gauntlet | Found a transporter.
 29642 | Gauntlet | Found a transporter.
 29651 | Gauntlet | Found a transporter.
 29654 | Gauntlet | Found a transporter.
 29655 | Gauntlet | Found a transporter.
 29667 | Gauntlet | Found a transporter.
 29668 | Gauntlet | Found a transporter.
 29672 | Gauntlet | Found a transporter.
 29677 | Gauntlet | Found a transporter.
 29860 | D:13     | Noticed Erolcha
 29900 | D:13     | Found a transporter.
 29901 | D:13     | Found a transporter.
 29982 | D:13     | Found a transporter.
 29986 | D:13     | Found a transporter.
 30012 | D:13     | Reached skill level 1 in Unarmed Combat
 30170 | D:13     | Found a runed translucent gate.
 30170 | D:13     | Found a runed translucent gate.
 30170 | D:13     | Found a runed translucent gate.
 30171 | D:13     | Identified the +1 plate armour "Taiwk" {Will+}
 30172 | D:13     | Noticed senseless's ghost (journeyman DrWr)
 30451 | D:13     | Identified the +1 buckler of Bad Feelings {Slay+3}
 30557 | D:13     | Killed senseless's ghost
 30951 | D:4      | Noticed Duvessa
 30952 | D:4      | Killed Dowan
 30956 | D:4      | Killed Duvessa
 30977 | D:4      | Killed Eustachio
 31184 | D:7      | Killed Maggie
 31239 | D:7      | Learned a level 4 spell: Manifold Assault
 31437 | Lair:3   | Killed Nessos
 31568 | Lair:2   | Killed Fannar
 31788 | Lair:5   | Found a corrupted altar of Lugonu.
 31788 | Lair:5   | Found a one-way gate to the infinite horrors of the Abyss.
 32181 | Orc:1    | Noticed Harold
 32236 | Orc:1    | Found a runed translucent door.
 32236 | Orc:1    | Noticed Vupaekk's ghost (journeyman DsEE)
 32236 | Orc:1    | Found the +5 Lochaber axe {reach-cleave, Poleaxe Drain}
 32517 | Orc:1    | Killed Harold
 32593 | Orc:1    | Killed Vupaekk's ghost
 32915 | D:13     | Reached skill level 15 in Transmutations
 32915 | D:13     | Reached XP level 16. HP: 72/72 MP: 31/31
 32967 | D:13     | Killed Erolcha
 33214 | D:14     | Found a broken altar of Ashenzari.
 33383 | D:14     | Found a huge runed gate.
 33383 | D:14     | Found a huge runed gate.
 33383 | D:14     | Found a huge runed gate.
 33396 | D:14     | Found a huge runed gate.
 33398 | D:14     | Found a huge runed gate.
 33398 | D:14     | Found a huge runed gate.
 33398 | D:14     | Found a huge runed gate.
 33398 | D:14     | Found a huge runed gate.
 33398 | D:14     | Found a huge runed gate.
 33398 | D:14     | Found a huge runed gate.
 33402 | D:14     | Found a huge runed gate.
 33402 | D:14     | Found a huge runed gate.
 33402 | D:14     | Found a huge runed gate.
 33402 | D:14     | Found a huge runed gate.
 33402 | D:14     | Found a huge runed gate.
 33402 | D:14     | Found a huge runed gate.
 33402 | D:14     | Found a huge runed gate.
 33403 | D:14     | Found a huge runed gate.
 33404 | D:14     | Found a huge runed gate.
 33412 | D:14     | Found a huge runed gate.
 33412 | D:14     | Found a huge runed gate.
 33412 | D:14     | Found a huge runed gate.
 33412 | D:14     | Found a huge runed gate.
 33412 | D:14     | Found a huge runed gate.
 33412 | D:14     | Found a huge runed gate.
 33412 | D:14     | Found a huge runed gate.
 33413 | D:14     | Found a huge runed gate.
 33414 | D:14     | Found a huge runed gate.
 33422 | D:14     | Found a huge runed gate.
 33422 | D:14     | Found a huge runed gate.
 33422 | D:14     | Found a huge runed gate.
 33422 | D:14     | Found a huge runed gate.
 33422 | D:14     | Found a huge runed gate.
 33422 | D:14     | Found a huge runed gate.
 33422 | D:14     | Found a huge runed gate.
 33423 | D:14     | Found a huge runed gate.
 33478 | D:14     | Found a gate to the Vaults.
 33536 | D:14     | Reached skill level 10 in Fighting
 33738 | D:14     | Reached skill level 5 in Unarmed Combat
 34757 | D:14     | Noticed Sauxt's ghost (journeyman GrEE)
 34757 | D:14     | Noticed Delyvurue's ghost (journeyman MiWr)
 34757 | D:14     | Noticed Luiqel's ghost (journeyman MiFi)
 34757 | D:14     | Noticed a sphinx
 34757 | D:14     | Noticed a shadow dragon
 34757 | D:14     | Noticed Umoran's ghost (journeyman GrEE)
 34757 | D:14     | Noticed Sauxt's ghost (journeyman GrEE)
 34757 | D:14     | Noticed Umoran's ghost (journeyman GrEE)
 34757 | D:14     | Noticed Pacwu Nueno's ghost (journeyman GrEE)
 34757 | D:14     | Noticed Delyvurue's ghost (journeyman MiWr)
 34879 | D:14     | Killed Luiqel's ghost
 34879 | D:14     | Killed Sauxt's ghost
 34893 | D:14     | Killed Sauxt's ghost
 34999 | D:15     | Entered Level 15 of the Dungeon
 35111 | D:14     | Killed a shadow dragon
 35348 | D:14     | Killed Umoran's ghost
 35474 | D:14     | Killed Delyvurue's ghost
 35521 | D:14     | Identified the +1 quarterstaff of Malaise {heavy, Fly rC+
                  | Will-}
 35581 | D:14     | Killed Pacwu Nueno's ghost
 35779 | D:14     | Found a broken altar of Ashenzari.
 36005 | D:14     | Killed Delyvurue's ghost
 36051 | D:14     | Killed Umoran's ghost
 36170 | D:14     | Found a gate to the Vaults.
 36634 | D:14     | Found a gate to the Vaults.
 36802 | D:14     | Found a broken altar of Ashenzari.
 36896 | D:14     | Killed a sphinx
 37035 | D:14     | Identified the staff of cold "Zaxtir" {Fragile rElec rF-
                  | rC+ Int+7}
 38055 | D:15     | Reached XP level 17. HP: 78/78 MP: 16/33
 38725 | D:15     | Identified the staff of cold "Kusolopp" {rC+ Will+}
 39202 | D:15     | Found a staircase to the Depths.
 39252 | D:15     | Bought a potion of enlightenment for 100 gold pieces
 39252 | D:15     | Bought a potion of berserk rage for 100 gold pieces
 39254 | D:15     | Bought the ring "Myntuadi" {rPois Will+ Int+6 SInv} for 627
                  | gold pieces
 39402 | Snake:1  | Entered Level 1 of the Snake Pit
 39705 | Snake:1  | Noticed Azrael
 39907 | Snake:1  | Killed Azrael
 40815 | Snake:2  | Noticed Roxanne
 42977 | Snake:3  | Reached skill level 10 in Unarmed Combat
 43619 | Snake:3  | Reached skill level 15 in Dodging
 43708 | Snake:3  | Reached XP level 18. HP: 56/87 MP: 35/35
 44790 | Snake:4  | Entered Level 4 of the Snake Pit
 44803 | Snake:4  | Noticed Aizul
 44822 | Snake:4  | Killed Aizul
 46290 | Snake:4  | Reached skill level 15 in Fighting
 46911 | Snake:4  | Learned a level 7 spell: Malign Gateway
 47184 | Snake:4  | Got a serpentine rune of Zot
 47723 | Shoals:1 | Entered Level 1 of the Shoals
 48148 | Shoals:1 | Found a corrupted altar of Lugonu.
 48890 | Shoals:2 | Found a shadowy altar of Dithmenos.
 48929 | Shoals:2 | Noticed Nikola
 49194 | Shoals:2 | Killed Nikola
 49483 | Shoals:2 | Noticed Mlioglotl
 49499 | Shoals:2 | Killed Mlioglotl
 49829 | Shoals:2 | You are sucked into a shaft and drop 1 floor!
 49829 | Shoals:3 | Noticed Louise
 50585 | Shoals:3 | Reached skill level 15 in Translocations
 50663 | Shoals:3 | Killed Louise
 50664 | Shoals:3 | Reached XP level 19. HP: 81/93 MP: 19/36
 51155 | Shoals:4 | Entered Level 4 of the Shoals
 51667 | Shoals:4 | Got a barnacled rune of Zot
 51860 | Shoals:4 | Found Ynlepuihim's General Store.
 51868 | Shoals:4 | Bought a potion of magic for 128 gold pieces
 53335 | Elf:1    | Entered Level 1 of the Elven Halls
 53335 | Elf:1    | Found a runed translucent gate.
 53335 | Elf:1    | Found a runed translucent gate.
 53335 | Elf:1    | Found a runed translucent gate.
 53335 | Elf:1    | Found a runed translucent gate.
 53335 | Elf:1    | Found a runed translucent gate.
 53335 | Elf:1    | Found a runed translucent gate.
 53336 | Elf:1    | Found a runed translucent door.
 53935 | Orc:2    | Found a staircase to the Elven Halls.
 54064 | Elf:1    | Found a runed translucent door.
 54067 | Elf:1    | HP: 4/93 [deep elf sorcerer/+0 short sword (6)]
 55232 | Elf:1    | You are sucked into a shaft and drop 1 floor!
 55237 | Elf:2    | Found a runed translucent gate.
 55237 | Elf:2    | Found a runed translucent gate.
 55238 | Elf:2    | Found a runed translucent gate.
 55263 | Elf:2    | HP: 3/93 [deep elf knight/shard of ice (35)]
 56101 | Elf:2    | Paralysed by an air elemental for 1 turns
 56579 | Elf:2    | Got the Omnibus of the Commander
 57123 | Elf:3    | Entered Level 3 of the Elven Halls
 57289 | Elf:3    | Found a transporter.
 57294 | Elf:3    | Found a bloodstained altar of Trog.
 57296 | Elf:3    | Noticed pk666's ghost (adept DEFE)
 57304 | Elf:3    | Found a transporter.
 58260 | Elf:3    | Reached XP level 20. HP: 75/97 MP: 3/37
 58425 | Elf:3    | Identified the ring "Goav" {rPois Dex+6 Slay+3}
 58687 | Elf:3    | Identified the ring "Sismo" {rC+ Str+6}
 58804 | Elf:3    | Identified the ring of Zuwerr {rC+ rCorr Dex+3 Slay+2 SInv}
 58918 | Elf:3    | Identified the ring of Lugonu's Displeasure {rPois rC+
                  | Str+6 SInv}
 59075 | Elf:3    | Got the Teachings on Frostbitten Putrescence
 59082 | Elf:3    | Got the Precepts of Mighty Fever
 59085 | Elf:3    | Got the Directory of Impulse
 59119 | Elf:3    | Identified the staff of conjuration "Icaaris" {rElec Str+2}
 59131 | Elf:3    | Got the Papyrus of Ill-fated Direction
 59286 | Elf:3    | Upgraded the game from 0.31-a0-102-g33a4ccc0cb to
                  | 0.31-a0-115-g4708a659fe
 59546 | Lair:3   | Bought the Incunable of the Relocated Volley for 442 gold
                  | pieces
 59546 | Lair:3   | Bought a book of Death for 572 gold pieces
 59613 | Lair:1   | Bought a book of Party Tricks for 224 gold pieces
 59620 | Lair:1   | Learned a level 6 spell: Dispersal
 59722 | Vaults:1 | Entered Level 1 of the Vaults
 59829 | Vaults:1 | Upgraded the game from 0.31-a0-115-g4708a659fe to
                  | 0.31-a0-117-g42d8f58691
 61276 | Vaults:2 | Found a staircase to the Crypt.
 61276 | Vaults:2 | Found an ancient bone altar of Kikubaaqudgha.
 61277 | Vaults:2 | Found a basalt altar of Yredelemnul.
 61875 | Vaults:2 | Identified the +2 lajatang of Discord {venom, Drain Will+
                  | Int+6}
 62243 | Vaults:2 | Found a runed translucent door.
 62601 | Vaults:2 | Reached XP level 21. HP: 99/102 MP: 40/40
 62820 | Vaults:2 | Noticed Fubrub's ghost (veteran GnWr)
 62923 | Vaults:2 | Bought a scroll of teleportation for 54 gold pieces
 62923 | Vaults:2 | Bought a scroll of acquirement for 936 gold pieces
 62924 | Vaults:2 | Acquired the Disquisition on Air
 62926 | Vaults:2 | Acquired a book of Spatial Translocations
 64008 | Vaults:3 | Learned a level 1 spell: Apportation
 64008 | Vaults:3 | Identified the ring of Bore {rN+ Int-4 Dex+7}
 66334 | Vaults:3 | Bought a Necronomicon for 1008 gold pieces
 66334 | Vaults:3 | Bought the Atlas of Transmogrification for 324 gold pieces
 66334 | Vaults:3 | Bought a book of the Moon for 720 gold pieces
 66618 | Lair:4   | Fell from the grace of Gozag
 66618 | Lair:4   | Became a worshipper of Jiyva Jazuog the Shapeless
 66831 | Crypt:1  | Entered Level 1 of the Crypt
 66838 | Crypt:1  | Reached skill level 15 in Unarmed Combat
 66847 | Crypt:1  | Blown up by a lich
 66848 | Crypt:1  | Reached XP level 20. HP: -1/102 MP: 27/39
 67771 | Crypt:2  | Reached XP level 21. HP: 106/106 MP: 40/40
 68006 | Crypt:2  | Reached * piety under Jiyva
 68069 | Crypt:2  | Reached XP level 22. HP: 111/111 MP: 37/41
 68089 | Crypt:2  | Acquired 395 gold pieces
 68730 | Crypt:2  | Reached skill level 15 in Spellcasting
 68907 | Crypt:2  | Reached ** piety under Jiyva
 68940 | Crypt:3  | Entered Level 3 of the Crypt
 69092 | Crypt:3  | Noticed Vv
 69113 | Crypt:3  | Found a staircase to the Tomb.
 69412 | Crypt:3  | Upgraded the game from 0.31-a0-117-g42d8f58691 to
                  | 0.31-a0-121-g1e386dd289
 69416 | Crypt:3  | Learned a level 2 spell: Wereblood
 69538 | Crypt:3  | Demolished by Vv
 69539 | Crypt:3  | Reached XP level 21. HP: -21/108 MP: 41/41
 69583 | Crypt:3  | Noticed Jory
 69590 | Crypt:3  | Killed Jory
 69954 | Crypt:3  | HP: 4/109 [something (9)]
 70189 | Crypt:3  | HP: 3/109 [Vv (45)]
 70206 | Crypt:3  | Killed Vv
 70274 | Crypt:3  | Reached XP level 22. HP: 114/114 MP: 38/43
 70441 | Crypt:3  | Identified the ring of Zyihoc {rF+ rN+ rCorr}
 70441 | Crypt:3  | Identified the ring "Kiywn" {rN+ Int+2}
 70441 | Crypt:3  | Noticed Mennas
 70483 | Crypt:3  | Killed Mennas
 70559 | Crypt:3  | Identified the +3 mace of Hacking and Slashing {freeze,
                  | rElec rPois rF+ Will- Dex+3}
 70559 | Crypt:3  | Identified the ring "Powam" {rPois rN+}
 70630 | Crypt:3  | Found an ancient bone altar of Kikubaaqudgha.
 70706 | Crypt:3  | Identified the +8 chain mail of the Evening {rElec Dex-3
                  | SInv}
 70706 | Crypt:3  | Identified the ring of Xejycuf {rPois MP-9 Int+9}
 70874 | Crypt:3  | Reached *** piety under Jiyva
 70887 | Crypt:3  | Gained mutation: You have a somewhat thin skeletal
                  | structure. (Dex +2, Stealth+) [Jiyva's grace]
 70887 | Crypt:3  | Gained mutation: You have a moderately thin skeletal
                  | structure. (Dex +4, Stealth++) [Jiyva's grace]
 70887 | Crypt:3  | Gained mutation: You have an unnaturally thin skeletal
                  | structure. (Dex +6, Stealth+++) [Jiyva's grace]
 70887 | Crypt:3  | Gained mutation: You are partially covered in large bone
                  | plates. (SH +4) [Jiyva's grace]
 71173 | Tomb:1   | Entered Level 1 of the Tomb of the Ancients
 72042 | Depths:1 | Entered Level 1 of the Depths
 72084 | Depths:1 | Reached **** piety under Jiyva
 72270 | Depths:1 | Found Zin's Purification Station.
 72272 | Depths:1 | Found a glowing silver altar of Zin.
 72333 | Depths:1 | Found a one-way gate leading to the halls of Pandemonium.
 72404 | Depths:1 | Found a magical portal.
 72413 | WizLab   | Entered Eringya's Formal Garden
 72482 | WizLab   | Was forgiven by Gozag
 72847 | WizLab   | Found a blossoming altar of Fedhas.
 72850 | WizLab   | Lost mutation: You have an unnaturally thin skeletal
                  | structure. (Dex +6, Stealth+++) [Jiyva's grace]
 72850 | WizLab   | Gained mutation: Your body has grown eyes which may confuse
                  | attackers. (Acc +3) [Jiyva's grace]
 72850 | WizLab   | Gained mutation: Your body has grown many eyes which may
                  | confuse attackers. (Acc +5) [Jiyva's grace]
 72850 | WizLab   | Gained mutation: Your body is covered in eyes which may
                  | confuse attackers. (Acc +7, SInv) [Jiyva's grace]
 72850 | WizLab   | Gained mutation: You have a small jelly attached to you
                  | that may absorb projectiles. [Jiyva's grace]
 72857 | WizLab   | Reached ***** piety under Jiyva
 73126 | Depths:1 | Found a gateway to Hell.
 73320 | Depths:1 | You are sucked into a shaft and drop 1 floor!
 73874 | Depths:2 | Reached XP level 23. HP: 120/120 MP: 18/45
 74007 | Depths:2 | Found Qozing's Assorted Antiques.
 74100 | Depths:2 | Found a basalt altar of Yredelemnul.
 74143 | Depths:2 | Noticed a caustic shrike
 74150 | Depths:2 | Killed a caustic shrike
 75353 | Depths:3 | Learned a level 4 spell: Passage of Golubria
 75596 | Depths:3 | Noticed the Enchantress
 75607 | Depths:3 | Killed the Enchantress
 75621 | Depths:3 | Killed a juggernaut
 75624 | Depths:3 | Killed a caustic shrike
 75680 | Depths:3 | Found a one-way gateway to a ziggurat.
 75690 | Depths:3 | Lost mutation: You have a moderately thin skeletal
                  | structure. (Dex +4, Stealth++) [Jiyva's grace]
 75690 | Depths:3 | Lost mutation: Your body is covered in eyes which may
                  | confuse attackers. (Acc +7, SInv) [Jiyva's grace]
 75690 | Depths:3 | Gained mutation: Your translucent skin slightly reduces
                  | your foes' accuracy. (Stealth+) [Jiyva's grace]
 75690 | Depths:3 | Gained mutation: Your translucent skin reduces your foes'
                  | accuracy. (Stealth+) [Jiyva's grace]
 75690 | Depths:3 | Gained mutation: Your transparent skin significantly
                  | reduces your foes' accuracy. (Stealth+) [Jiyva's grace]
 75690 | Depths:3 | Gained mutation: Your mind is acute. (Int +4, Str/Dex -1)
                  | [Jiyva's grace]
 75775 | Depths:3 | Found a stormy altar of Qazlal.
 75790 | Depths:3 | Reached skill level 1 in Necromancy
 75793 | Depths:3 | Reached skill level 2 in Necromancy
 75800 | Depths:3 | Reached skill level 3 in Necromancy
 75810 | Depths:3 | Killed Boris
 76139 | Depths:3 | Reached skill level 4 in Necromancy
 76140 | Depths:3 | Identified the +1 scimitar of the Bouncing Heavens {freeze,
                  | rF+ rCorr}
 76196 | Depths:3 | Reached skill level 5 in Necromancy
 76309 | Depths:3 | Reached ****** piety under Jiyva
 76557 | Depths:3 | Reached skill level 6 in Necromancy
 76639 | Depths:4 | Entered Level 4 of the Depths
 76887 | Depths:4 | Reached skill level 7 in Necromancy
 77076 | Depths:4 | Found a stormy altar of Qazlal.
 77235 | Depths:4 | Reached skill level 8 in Necromancy
 77263 | Depths:4 | Reached XP level 24. HP: 124/124 MP: 10/45
 77306 | Depths:3 | Learned a level 7 spell: Haunt
 77326 | Depths:4 | Found an ornate altar of the Wu Jian Council.
 77516 | Depths:4 | Reached skill level 9 in Necromancy
 77723 | Depths:4 | Reached skill level 10 in Necromancy
 77812 | Depths:4 | Found a gate to the Realm of Zot.
 77957 | Depths:4 | Found an opulent altar of Gozag.
 78179 | Depths:4 | Reached skill level 11 in Necromancy
 78249 | Depths:4 | Lost mutation: Your body has grown many eyes which may
                  | confuse attackers. (Acc +5) [Jiyva's grace]
 78249 | Depths:4 | Lost mutation: Your transparent skin significantly reduces
                  | your foes' accuracy. (Stealth+) [Jiyva's grace]
 78249 | Depths:4 | Gained mutation: Your body has grown many eyes which may
                  | confuse attackers. (Acc +5) [Jiyva's grace]
 78249 | Depths:4 | Gained mutation: Your body is covered in eyes which may
                  | confuse attackers. (Acc +7, SInv) [Jiyva's grace]
 78249 | Depths:4 | Gained mutation: You are partially covered in iridescent
                  | scales. (AC +2) [Jiyva's grace]
 78249 | Depths:4 | Gained mutation: You are mostly covered in iridescent
                  | scales. (AC +4) [Jiyva's grace]
 78274 | Depths:4 | Found a radiant altar of Vehumet.
 78631 | Slime:1  | Entered Level 1 of the Pits of Slime
 78716 | Slime:5  | Entered Level 5 of the Pits of Slime
 78722 | Slime:5  | Found a viscous altar of Jiyva.
 78726 | Slime:5  | Noticed the Royal Jelly
 78743 | Slime:5  | Got a slimy rune of Zot
 78761 | Slime:5  | Identified the +3 cloak "Renowov" {rPois Will+}
 79636 | Vaults:5 | Entered Level 5 of the Vaults
 79730 | Vaults:5 | Reached skill level 12 in Necromancy
 79960 | Vaults:5 | Found the +7 Spriggan's Knife {stab, EV+4 Stlth+}
 80118 | Vaults:5 | Reached skill level 13 in Necromancy
 80158 | Vaults:5 | Noticed a dread lich
 80166 | Vaults:5 | Killed a dread lich
 80256 | Vaults:5 | Noticed a dread lich
 80261 | Vaults:5 | Killed a dread lich
 80396 | Vaults:5 | Identified the +5 hand axe of Kutovien {antimagic, SInv}
 80406 | Vaults:5 | Reached skill level 14 in Necromancy
 80801 | Vaults:5 | Got a silver rune of Zot
 81215 | Vaults:1 | Reached XP level 25. HP: 128/128 MP: 38/47
 81395 | Zot:1    | Entered Level 1 of the Realm of Zot
 81408 | Zot:1    | Found a transporter.
 81408 | Zot:1    | Noticed Meskin's ghost (legendary DjCj)
 81427 | Zot:1    | Found a transporter.
 82027 | Zot:1    | Reached skill level 15 in Necromancy
 83196 | Zot:2    | Reached skill level 16 in Necromancy
 83307 | Zot:2    | Noticed a Killer Klown
 83311 | Zot:2    | Killed a Killer Klown
 83566 | Zot:2    | Reached skill level 17 in Necromancy
 83751 | Zot:2    | Lost mutation: Your mind is acute. (Int +4, Str/Dex -1)
                  | [Jiyva's grace]
 83751 | Zot:2    | Lost mutation: You have a small jelly attached to you that
                  | may absorb projectiles. [Jiyva's grace]
 83751 | Zot:2    | Lost mutation: Your translucent skin reduces your foes'
                  | accuracy. (Stealth+) [Jiyva's grace]
 83751 | Zot:2    | Lost mutation: Your translucent skin slightly reduces your
                  | foes' accuracy. (Stealth+) [Jiyva's grace]
 83751 | Zot:2    | Gained mutation: Your skin changes colour to match your
                  | surroundings (Stealth+). [Jiyva's grace]
 83751 | Zot:2    | Gained mutation: Your skin blends seamlessly with your
                  | surroundings (Stealth++). [Jiyva's grace]
 83751 | Zot:2    | Gained mutation: Your skin perfectly mimics your
                  | surroundings (Stealth+++). [Jiyva's grace]
 83751 | Zot:2    | Lost mutation: Your skin perfectly mimics your surroundings
                  | (Stealth+++). [Jiyva's grace]
 83751 | Zot:2    | Lost mutation: Your skin blends seamlessly with your
                  | surroundings (Stealth++). [Jiyva's grace]
 83751 | Zot:2    | Lost mutation: Your skin changes colour to match your
                  | surroundings (Stealth+). [Jiyva's grace]
 83751 | Zot:2    | Gained mutation: Your translucent skin slightly reduces
                  | your foes' accuracy. (Stealth+) [Jiyva's grace]
 84232 | Zot:3    | Reached skill level 18 in Necromancy
 84507 | Zot:3    | Noticed an orb of fire
 84531 | Zot:3    | Killed an orb of fire
 84709 | Zot:2    | Reached XP level 26. HP: 133/133 MP: 39/48
 84813 | Zot:3    | Identified the +7 long sword "Mousek" {heavy, rElec rCorr}
 84813 | Zot:3    | Found the +4 dragonskin cloak
 84813 | Zot:3    | Identified the amulet of Paluu {Faith rPois MP+9 Dex+5}
 84813 | Zot:3    | Noticed Tiamat
 84861 | Zot:3    | Killed Tiamat
 85736 | Zot:4    | Identified the +4 scale mail "Peesohakk" {rF++ Int+4}
 86312 | Zot:5    | Entered Level 5 of the Realm of Zot
 86373 | Zot:5    | Gained mutation: You are covered in slimy tendrils that may
                  | disarm your opponents. [Jiyva's grace]
 86373 | Zot:5    | Gained mutation: You expend magic power (3 MP) to
                  | strengthen your wands. [Jiyva's grace]
 86373 | Zot:5    | Gained mutation: Armour fits poorly on your pseudopods.
                  | [Jiyva's grace]
 86373 | Zot:5    | Gained mutation: Armour fits poorly on your large
                  | pseudopods. [Jiyva's grace]
 86805 | Zot:5    | Reached skill level 19 in Necromancy
 87340 | Zot:5    | Noticed a dread lich
 87349 | Zot:5    | Killed a dread lich
 87754 | Zot:5    | Noticed a dread lich
 87766 | Zot:5    | Killed a dread lich
 88276 | Zot:5    | Noticed an orb of fire
 88301 | Zot:5    | Noticed an orb of fire
 88305 | Zot:5    | Gained mutation: You are frail. (-10% HP) [an orb of fire]
 88310 | Zot:5    | Killed an orb of fire
 88345 | Zot:5    | Reached skill level 20 in Necromancy
 88360 | Zot:5    | Killed an orb of fire
 88481 | Zot:5    | Noticed an ancient lich
 88486 | Zot:5    | Noticed an orb of fire
 88634 | Zot:5    | Killed an orb of fire
 88635 | Zot:5    | Reached XP level 27. HP: 123/123 MP: 29/49
 88771 | Zot:5    | Killed an ancient lich
 88884 | Zot:5    | Learned a level 9 spell: Death's Door
 88884 | Zot:5    | Upgraded the game from 0.31-a0-121-g1e386dd289 to
                  | 0.31-a0-149-g3fdcc5976a
 89283 | Orc:2    | Bought a book of Unlife for 504 gold pieces
 89476 | Depths:2 | Learned a level 6 spell: Death Channel
 89480 | Depths:2 | Voluntarily entered the Abyss.
 89654 | Abyss:3  | Lost mutation: You have a somewhat thin skeletal structure.
                  | (Dex +2, Stealth+) [Jiyva's grace]
 89654 | Abyss:3  | Lost mutation: You are frail. (-10% HP) [Jiyva's grace]
 89654 | Abyss:3  | Lost mutation: You are covered in slimy tendrils that may
                  | disarm your opponents. [Jiyva's grace]
 89654 | Abyss:3  | Lost mutation: You expend magic power (3 MP) to strengthen
                  | your wands. [Jiyva's grace]
 89654 | Abyss:3  | Gained mutation: Your system is resistant to poisons.
                  | (rPois) [Jiyva's grace]
 89654 | Abyss:3  | Gained mutation: You are completely covered in iridescent
                  | scales. (AC +6) [Jiyva's grace]
 89654 | Abyss:3  | Gained mutation: You are agile. (Dex +4, Str/Int -1)
                  | [Jiyva's grace]
 89654 | Abyss:3  | Gained mutation: You are very agile. (Dex +8, Str/Int -2)
                  | [Jiyva's grace]
 89834 | Abyss:3  | Found a corrupted altar of Lugonu.
 89880 | Abyss:3  | Found a corrupted altar of Lugonu.
 89929 | Abyss:3  | Got an abyssal rune of Zot
 89933 | Depths:2 | Escaped the Abyss
 90652 | Hell     | Entered the Vestibule of Hell
 90652 | Hell     | Noticed Geryon
 90970 | Hell     | Killed Geryon
 91198 | Hell     | Found a gateway to the ashen valley of Gehenna.
 91346 | Hell     | Found a gateway to the Iron City of Dis.
 91719 | Hell     | Found a gateway to the freezing wastes of Cocytus.
 91840 | Hell     | Found a gateway to the decaying netherworld of Tartarus.
 92061 | Hell     | Upgraded the game from 0.31-a0-149-g3fdcc5976a to
                  | 0.31-a0-150-g89dc3ad700
 92091 | Tar:1    | Entered Level 1 of Tartarus
 93560 | Tar:7    | Entered Level 7 of Tartarus
 93644 | Tar:7    | Reached skill level 15 in Air Magic
 94162 | Tar:7    | Lost mutation: You are completely covered in iridescent
                  | scales. (AC +6) [Jiyva's grace]
 94162 | Tar:7    | Lost mutation: You are partially covered in large bone
                  | plates. (SH +4) [Jiyva's grace]
 94162 | Tar:7    | Lost mutation: Your system is resistant to poisons. (rPois)
                  | [Jiyva's grace]
 94162 | Tar:7    | Lost mutation: Armour fits poorly on your large pseudopods.
                  | [Jiyva's grace]
 94162 | Tar:7    | Gained mutation: Your muscles are strong. (Str +4, Int/Dex
                  | -1) [Jiyva's grace]
 94162 | Tar:7    | Gained mutation: Your muscles are very strong. (Str +8,
                  | Int/Dex -2) [Jiyva's grace]
 94162 | Tar:7    | Gained mutation: You are robust. (+10% HP) [Jiyva's grace]
 94162 | Tar:7    | Gained mutation: You are very robust. (+20% HP) [Jiyva's
                  | grace]
 95074 | Tar:7    | Identified the staff of fire "Dycukhec" {rF+ Will+}
 95101 | Tar:7    | Noticed Ereshkigal
 95132 | Tar:7    | Killed Ereshkigal
 95155 | Tar:7    | Got a bone rune of Zot
 96409 | Geh:1    | Entered Level 1 of Gehenna
 97324 | Geh:3    | Reached skill level 21 in Necromancy
 97677 | Geh:4    | Killed from afar by a salamander tyrant
 97758 | Geh:4    | Lost mutation: You are mostly covered in iridescent scales.
                  | (AC +4) [Jiyva's grace]
 97758 | Geh:4    | Gained mutation: You are covered in slimy tendrils that may
                  | disarm your opponents. [Jiyva's grace]
 97758 | Geh:4    | Gained mutation: You have acidic saliva. [Jiyva's grace]
 97758 | Geh:4    | Gained mutation: You passively dampen the noise of your
                  | surroundings. [Jiyva's grace]
 97758 | Geh:4    | Gained mutation: You are mostly covered in iridescent
                  | scales. (AC +4) [Jiyva's grace]
 98016 | Geh:5    | Reached skill level 22 in Necromancy
 98486 | Geh:7    | Entered Level 7 of Gehenna
 98988 | Geh:7    | Reached skill level 23 in Necromancy
 99649 | Geh:7    | Reached skill level 24 in Necromancy
 99772 | Geh:7    | Found the +13 sceptre of Asmodeus
 99772 | Geh:7    | Noticed Asmodeus
 99798 | Geh:7    | HP: 3/164 [hellion/damnation[Asmodeus] (20)]
 99800 | Geh:7    | Killed from afar by a balrug
 99915 | Geh:7    | Killed Asmodeus
 99952 | Geh:7    | Got an obsidian rune of Zot
100857 | Zot:5    | Got the Orb of Zot
101343 | D:$      | Escaped with the Orb!

Illustrated notes

Levels and vault maps discovered:
D:1:      roderic_chinese_lattice_arrival, layout_rooms
D:2:      layout_loops_ring, chequers_serial_rivers_micro_b
D:3:      layout_basic, general_overflow_altar, bloody_trog,
          lemuel_crystal_altar
D:4:      minmay_bubble_buster, layout_rooms, amcnicky_altar_gilded,
          jmf_multi_god_temple2, grunt_decor_one_mirror, uniq_eustachio,
          uniq_duvessa
D:5:      corexii_shantytown, layout_basic, elyvilon_altar_5, serial_glass,
          glass_columns_c, glass_columns_a, nicolae_ossuary_entry_ruins,
          minmay_bent
D:6:      layout_basic, minmay_temple_entry_fiery, uniq_prince_ribbit1,
          uniq_menkaure
D:7:      layout_loops_ring, mainiacjoe_overflow_24_doors,
          hangedman_decor_opposing, minmay_the_grid_2x2 [minmay_the_grid_spikes,
          minmay_the_grid_pillar_ring, minmay_the_grid_square_x,
          minmay_the_grid_prize_four_corners_diamond_a], uniq_maggie
D:8:      layout_layer_cave, kennysheep_little_box, chequers_decorated_corner,
          uniq_psyche
D:9:      layout_long_grid
D:10:     layout_roguey, due_lair_maze_entry_diamond, serial_demonic,
          serial_demonic_b, serial_demonic_e, serial_demonic_b,
          serial_demonic_f, serial_demonic_a, serial_demonic_e, enter_bailey_4,
          serial_park_tiny_pond, lightli_orcish_oven
D:11:     layout_roguey, hiddenorc2_lemuel, enter_trove_6, lemuel_blue_sif_altar
D:12:     layout_basic, portal_ice_cave_rime, serial_bayou_crossing
D:13:     layout_roguey, gauntlet_entry_generic, biasface_ghost_orc_armoury,
          serial_nicolae_subway, nicolae_sub_station_stone,
          nicolae_sub_station_crystal, nicolae_sub_station_metal, uniq_erolcha
D:14:     layout_stronghold, lightli_vaults_fourway_checkpoint,
          cheibrodos_ashenzari_chains, gammafunk_ghost_door_vault
D:15:     grunt_enter_depths_magical_seal, layout_basic, minivault_25,
          serial_aquarium, aquarium_bridge_square [aquarium_subvault_wall,
          aquarium_subvault_bridge, aquarium_subvault_wall,
          aquarium_subvault_wall], aquarium_window_2, aquarium_window_3,
          aquarium_window_1, aquarium_view_2f, aquarium_balcony_1a,
          aquarium_pool_side
Temple:   oiseaux_autumnal_temple
Lair:1:   layout_gridlike, lemuel_fruit_tree
Lair:2:   layout_big_grid, nicolae_shoals_entry_flooding, dummy_snake_entry,
          uniq_amaemon, uniq_fannar
Lair:3:   layout_layer_cave, hellmonk_ghost_happy_afterlife, basic_altar,
          chequers_serial_rivers_marsh, kennysheep_abandoned_house, uniq_kirke,
          uniq_nessos, uniq_sonja
Lair:4:   layout_concentric_octagons, minmay_slime_entry_jelly_boxes,
          grunt_megastairs_3, lemuel_fruit_fields, infiniplex_staircase_pool
Lair:5:   hellmonk_lair_end_abyssal_woods, layout_misc_corridors,
          dreamdust_gnoll_shepherd, grunt_megastairs_1
Shoals:1: layout_shoals, amcnicky_altar_lugonu_corruption
Shoals:2: layout_shoals, lemuel_oklob_altar, uniq_nikola, uniq_mlioglotl
Shoals:3: layout_shoals, uniq_louise
Shoals:4: shoals_end_grunt_ice, layout_shoals, serial_shops,
          nicolae_shop_behind_doors
Snake:1:  layout_onion_interference, grunt_ministairs_14, uniq_azrael
Snake:2:  nicolae_snakescales, layout_chambers, uniq_roxanne
Snake:3:  layout_onion
Snake:4:  snake_pit, layout_cave_town, uniq_aizul
Slime:1:  layout_caves
Slime:2:  layout_caves, special_room [special_room_jelly],
          cheibrodos_slime_lost_civilization_5
Slime:3:  layout_caves
Slime:4:  layout_caves
Slime:5
Orc:1:    layout_caves, gammafunk_ghost_grave, uniq_harold
Orc:2:    grunt_orc_community_town_hall, layout_diamond_mine,
          grunt_orc_community_big_house_1, grunt_orc_community_big_house_1,
          grunt_orc_community_house_3, grunt_orc_community_house_2,
          grunt_orc_community_house_2, grunt_orc_community_house_2,
          grunt_orc_community_house_1
Elf:1:    nicolae_elf_arrival_dilemma, layout_onion_city, minivault_28
Elf:2:    nicolae_elf_blades_crystal_corner, layout_loops_ring,
          minmay_elf_demonology
Elf:3:    minmay_elf_hall_spiked, layout_loops_cross,
          gammafunk_ghost_wrathful_warriors
Vaults:1: nicolae_vaults_surprise_closet, hangedman_vaults_corner_blocks,
          nicolae_vaults_surprise_closet, hangedman_vaults_capsules,
          nicolae_vaults_surprise_closet, nicolae_vaults_spaceships,
          nicolae_vaults_offset_grid_hallway_1, grunt_vaults_hallway_long,
          vaults_dpeg_doors, nicolae_vaults_closet_pinwheel_5,
          ontoclasm_vaults_pinch, vaults_room_pools, v_misc_19,
          nicolae_vaults_house_2, nicolae_vaults_crenellated_ambush,
          layout_vaults_ring
Vaults:2: ebering_ghost_reflecting_pool, nicolae_vaults_closet_pinwheel_6,
          nicolae_vaults_triangles, minmay_crypt_entry_necro_gods,
          nicolae_vaults_network_star, v_rooms_2, nicolae_vaults_circle_grid_b,
          nicolae_vaults_diamond_2, nicolae_vaults_trapezoid_layered,
          vaults_room_semicircle, nicolae_vaults_sightless_eye,
          vaults_room_pools, nicolae_vaults_tetromino_L_1,
          layout_vaults_omnicross, serial_glass
Vaults:3: nicolae_vaults_circle_grid_a, nicolae_vaults_heist,
          vaults_mumra_minichess, v_pattern_1, nicolae_vaults_tetromino_T_2,
          hangedman_vaults_impose, v_misc_17, v_misc_4,
          nicolae_vaults_more_shelving_2, hangedman_vaults_nails,
          nicolae_vaults_layer_cake_slice, nicolae_vaults_diamond_1,
          ontoclasm_vaults_misaligned, layout_vaults_maze
Vaults:4: nicolae_vaults_corpse_flower, ontoclasm_vaults_idyll,
          grunt_vaults_swirl, nicolae_vaults_trapezoid_2,
          nicolae_vaults_tangram_2, vaults_room_stairs_pillars,
          nicolae_vaults_windows_and_doors_thing,
          nicolae_vaults_surprise_closet, v_misc_12,
          nicolae_vaults_surprise_closet, layout_vaults_omnigrid
Vaults:5
Crypt:1:  layout_rooms
Crypt:2:  layout_rooms, skrybe_necro_troll_1
Crypt:3:  church_of_pain_bobbens, layout_chaotic_city, uniq_mennas, uniq_vv
Tomb:1
Depths:1: layout_honeycomb, pan_entry, corexii_leaking_fountain,
          hangedman_coc_ice_floe, mu_enter_wizlab_6, st_stairs_5, zin_purify
Depths:2: minmay_tearing_corner, layout_honeycomb, grunt_pan_entry_in_and_out,
          serial_shops, nicolae_stop_n_shop_1, pf_hell_entry_tar_spiral,
          abyss_entry_glasseish, yredelemnul_altar_generic, minivault_22,
          drop_trap, infiniplex_staircase_spiral_double
Depths:3: vault_1, layout_gridlike, enter_ziggurat_e, abyss_entry,
          grunt_hell_horde, minmay_crystal_room,
          nicolae_qazlal_eye_of_the_storm, uniq_enchantress, uniq_boris,
          uniq_margery
Depths:4: grunt_profane_halls [grunt_profane_temple_coc,
          grunt_profane_temple_geh, grunt_profane_temple_tar,
          grunt_profane_temple_dis, grunt_zot_portal], hell_entry
Hell
Geh:1:    layout_gehenna_lava_caves
Geh:2:    layout_gehenna_pools_box
Geh:3:    layout_gehenna_lava_caves
Geh:4:    layout_gehenna_pools_triple
Geh:5:    layout_gehenna_lava_caves, lemuel_flamethrower_3
Geh:6:    layout_gehenna_pools_box
Geh:7:    geh_hangedman
Tar:1:    layout_grid_maze, nicolae_hells_seeping_fissure
Tar:2:    layout_grid_maze
Tar:3:    nicolae_tar_ssshhh
Tar:4:    layout_catacombs
Tar:5:    layout_grid_maze
Tar:6:    layout_cathedral_of_symmetry
Tar:7:    tar_mu [tar_mu_maze]
Zot:1:    kennysheep_blocky_hall, layout_basic, gammafunk_ghost_arena
Zot:2:    layout_misc_corridors
Zot:3:    layout_twisted_circle, st_stairs_10, st_grand_hoard_of_tiamat,
          grunt_megastairs_4
Zot:4:    layout_basic
Zot:5:    layout_misc_corridors, grunt_megastairs_2

Skill      XL: |  1  2  3  4  5  6  7  8  9 10 11 12 13 14 15 16 17 18 19 20 21 22 23 24 25 26 27 |
---------------+----------------------------------------------------------------------------------+-----
Spellcasting   | 3 4 5 7 9 10 11 12 14 16 17 19 20 21 | 21.6
Hexes          | 2 3 5 |  5.0
Summonings     | 5 6 8 9 10 11 12 | 12.0
Air Magic      | 4 6 7 9 10 12 13 17 | 17.5
Dodging        | 5 8 11 13 15 17 18 19 21 | 21.0
Fighting       | 3 5 8 9 11 14 15 16 20 21 | 21.6
Translocations | 3 10 15 17 18 22 | 22.5
Transmutations | 7 9 14 15 16 17 18 20 | 20.5
Unarmed Combat | 3 7 11 13 14 17 19 21 22 23 | 23.3
Necromancy     | 8 14 18 20 24 | 24.5
Stealth        | |  2.6

Action                     |  1- 3 |  4- 6 |  7- 9 | 10-12 | 13-15 | 16-18 | 19-21 | 22-24 | 25-27 || total
---------------------------+-------+-------+-------+-------+-------+-------+-------+-------+-------++-------
  Melee: Unarmed           |     6 |     9 |    21 |    30 |   146 |   704 |  1348 |  1657 |  2466 ||  6387
         Bite              |       |     1 |     1 |     8 |    11 |       |       |       |     1 ||    22
         Punch             |       |       |       |     2 |     1 |    43 |    90 |   104 |   233 ||   473
   Cast: Summon Small Mamm |    14 |       |     3 |     1 |       |     1 |       |       |       ||    19
         Call Imp          |    15 |    20 |    43 |    38 |    63 |    65 |    16 |       |       ||   260
         Call Canine Famil |     8 |    17 |    53 |    58 |    89 |    79 |    27 |     8 |     2 ||   341
         Summon Guardian G |       |    11 |    13 |    66 |    80 |    80 |    31 |       |       ||   281
         Summon Lightning  |       |       |    12 |    65 |   128 |   126 |    37 |    15 |     1 ||   384
         Tukima's Dance    |       |       |     1 |     2 |    11 |    27 |    11 |     8 |       ||    60
         Summon Forest     |       |       |       |       |    31 |    32 |    25 |    14 |    10 ||   112
         Blink             |       |       |       |       |     6 |     7 |     8 |     2 |     6 ||    29
         Storm Form        |       |       |       |       |    26 |   190 |   197 |   132 |   207 ||   752
         Manifold Assault  |       |       |       |       |       |   240 |   505 |   871 |  1158 ||  2774
         Malign Gateway    |       |       |       |       |       |       |    16 |    35 |    33 ||    84
         Apportation       |       |       |       |       |       |       |     1 |       |       ||     1
         Wereblood         |       |       |       |       |       |       |       |    14 |   114 ||   128
         Haunt             |       |       |       |       |       |       |       |     5 |    38 ||    43
         Passage of Golubr |       |       |       |       |       |       |       |     3 |    15 ||    18
         Death Channel     |       |       |       |       |       |       |       |       |    88 ||    88
 Invoke: Call Merchant     |       |       |       |     2 |     1 |     2 |     2 |       |       ||     7
         Potion Petition   |       |       |       |       |       |     3 |     5 |       |       ||     8
Ability: Blinkbolt         |       |       |       |       |    15 |    54 |    55 |    40 |    45 ||   209
         End Transformatio |       |       |       |       |       |       |       |       |     2 ||     2
  Evoke: Wand              |       |       |       |     1 |     1 |       |     6 |       |     1 ||     9
         Phial of floods   |       |       |       |       |       |     1 |       |       |       ||     1
    Use: Scroll            |       |       |     5 |    10 |    14 |    10 |    16 |     4 |     6 ||    65
         Potion            |       |       |       |     3 |     8 |     3 |    10 |     6 |    10 ||    40
   Stab: Sleeping          |       |     1 |       |       |       |     2 |     2 |     6 |     5 ||    16
         Distracted        |       |       |       |       |     6 |    13 |    10 |    10 |    13 ||    52
         Invisible         |       |       |       |       |       |       |     3 |       |       ||     3
         Paralysed         |       |       |       |       |       |       |       |     2 |       ||     2
         Confused          |       |       |       |       |       |       |       |       |     2 ||     2
 Armour: Skin              |       |     2 |     8 |    11 |    44 |    87 |    91 |    66 |   145 ||   454
  Dodge: Dodged            |     9 |     7 |    34 |    62 |   295 |   648 |  1020 |   782 |  1775 ||  4632
  Block: Other             |       |       |       |       |       |       |       |       |     1 ||     1

Table legend: (Time is in decaauts)
 A = Elapsed time spent in this place.
 B = Non-inter-level travel time spent in this place.
 C = Inter-level travel time spent in this place.
 D = Time resting spent in this place.
 E = Time spent auto-exploring this place.
 F = Levels seen in this place.
 G = Mean time per level.
                   A        B        C        D        E       F      G
               +--------+--------+--------+--------+--------+-----+--------+
         Total |  94155 |  84676 |   9479 |   8173 |  42334 |  79 | 1191.8 |
       Dungeon |  24689 |  21662 |   3027 |    977 |  13849 |  15 | 1645.9 |
        Temple |    222 |    191 |     31 |      0 |    177 |   1 |  222.0 |
          Lair |   8595 |   7361 |   1234 |    615 |   4037 |   5 | 1719.0 |
        Shoals |   5389 |   5075 |    314 |   1218 |   1889 |   4 | 1347.2 |
     Snake Pit |   7482 |   7162 |    320 |    855 |   3320 |   4 | 1870.5 |
    Slime Pits |    339 |    294 |     45 |      0 |    233 |   5 |   67.8 |
  Orcish Mines |   4009 |   3438 |    571 |   1003 |    803 |   2 | 2004.5 |
   Elven Halls |   5284 |   4809 |    475 |    884 |   1844 |   3 | 1761.3 |
        Vaults |   8148 |   7694 |    454 |    201 |   4876 |   5 | 1629.6 |
         Crypt |   4158 |   3885 |    273 |    469 |   1807 |   3 | 1386.0 |
          Tomb |    715 |    700 |     15 |     99 |      0 |   1 |  715.0 |
        Depths |   6659 |   5595 |   1064 |    492 |   2860 |   4 | 1664.8 |
          Hell |    993 |    916 |     77 |      0 |    594 |   1 |  993.0 |
       Gehenna |   3913 |   3769 |    144 |    195 |   1288 |   7 |  559.0 |
      Tartarus |   3928 |   3163 |    765 |    380 |    697 |   7 |  561.1 |
           Zot |   7491 |   6829 |    662 |    590 |   3513 |   5 | 1498.2 |
         Abyss |    400 |    400 |      0 |      0 |      0 |   3 |  133.3 |
       Ossuary |    509 |    509 |      0 |    126 |    182 |   1 |  509.0 |
        Bailey |    505 |    505 |      0 |      0 |    167 |   1 |  505.0 |
        Wizlab |    602 |    602 |      0 |     65 |     98 |   1 |  602.0 |
      Gauntlet |    114 |    114 |      0 |      0 |     92 |   1 |  114.0 |
               +--------+--------+--------+--------+--------+-----+--------+

Top non-repeatable levels by time:
    D:14: 4373 daAuts
   Orc:2: 2875 daAuts
   Tar:7: 2580 daAuts
   Zot:5: 2557 daAuts
  Lair:5: 2468 daAuts
 Snake:2: 2372 daAuts
   Elf:3: 2136 daAuts
    D:15: 2114 daAuts
 Snake:3: 2084 daAuts
 Snake:4: 2048 daAuts
Depths:2: 2023 daAuts
   Geh:7: 1981 daAuts
   Elf:1: 1956 daAuts
 Crypt:3: 1784 daAuts
Depths:4: 1779 daAuts
